[Event "3rd Matrix Cup 2024"]
[Site "New Delhi"]
[Date "2024.04.08"]
[Round "5.1"]
[White "Aronyak Ghosh"]
[Black "Shreyash Singh"]
[Result "1-0"]
[ECO "A07"]
[WhiteElo "2517"]
[BlackElo "1853"]
[Annotator "TA"]
[PlyCount "77"]
[EventDate "2024.04.07"]
[EventType "swiss"]
[EventCountry "IND"]
[SourceTitle "playchess.com"]
[Source "ChessBase"]
[SourceQuality "1"]
[TimeControl "5400+30"]

1. Nf3 Nf6 2. g3 d5 3. Bg2 c6 4. O-O Bg4 5. d3 Nbd7 6. h3 Bxf3 7. Bxf3 e5 8. e4 dxe4 {[%emt 0:04:36] The position is equal.} 9. dxe4 Nc5 10. Qe2 Qc7 11. a4 a5 12. Nd2 Ne6 13. c3 Bc5 14. Nc4 O-O 15. h4 Rad8 16. Bg2 Rfe8 17. Bh3 Ba7 18. Be3 Bxe3 19. Qxe3 h6 20. f3 (20. Rfe1 $16) 20... Rd7 (20... b5 $11 21. axb5 cxb5 22. Nxa5 Nh5) 21. Rf2 c5 ({Black should try} 21... Rdd8) 22. Rd2 $16 {[%emt 0:05:07] White is more active.} Rxd2 23. Qxd2 Rd8 {[%emt 0:00:33] Repels Qd6} 24. Qc2 g5 (24... Nf8 $16 {is a better defense.} 25. Rd1 Rxd1+ 26. Qxd1 b6) 25. Bxe6 $18 fxe6 26. hxg5 hxg5 27. g4 Rd7 (27... Qd7 $142 28. Qe2 (28. Nxe5 Qd6 $18) (28. Nxa5 b5 $18) 28... Nh7 29. Nxe5 (29. Nxa5 Nf8 $11) 29... Qc7) 28. Qh2 Rd3 (28... Nh7 $142 29. Qh6 (29. Qxe5 Qxe5 30. Nxe5 Rd2 $18) (29. Nxe5 Rd8 $18) 29... Nf8 30. Qxg5+ Rg7 31. Qxe5 Qd8) 29. Qxe5 (29. Nxe5 Rd8 30. Nc4 Qxh2+ 31. Kxh2 Kf7 $18) 29... Qxe5 30. Nxe5 {[%emt 0:00:01][%mdl 4096] Endgame. KRN-KRN} Rd2 31. Nc4 Re2 32. Ra3 (32. Nxa5 Rxb2 33. Ra3 Nd7 $16) (32. Rd1 $142) 32... Nd7 {[%emt 0:00:00] [#]} 33. Kf1 $1 (33. Nxa5 Ne5 $11) 33... Rh2 34. Rb3 (34. Nxa5 $18 {Threatens to win with Nc4.} Rxb2 35. Nc4 Rb1+ 36. Ke2) 34... b6 $16 35. Rb5 (35. Nxb6 Ne5 $14) 35... Kf7 36. Nxb6 Ne5 {[%emt 0:00:00] [#]} (36... Nxb6 $14 37. Rxb6 Kf6) 37. Rxc5 $18 ({Not} 37. Rxa5 Rd2 $11) 37... Nxf3 (37... Nd3 {was worth a try.} 38. Rxa5 (38. Rxg5 Rxb2 39. Nc4 Rf2+ 40. Kg1 Rxf3 $18) 38... Rf2+ 39. Kg1 Rxb2) 38. Nc4 ({Weaker is} 38. Rxa5 Rxb2 39. Ra7+ Kg6 $11) 38... Ke7 39. Rxa5 {[%emt 0:01:05] Weighted Error Value: White=0.19 (very precise) /Black=0.42.  Loses game:     	---       	Black=1      Mistake:       	White=3     	Black=6      Inaccurate:     	White=1     	---        OK:         	White=16    	Black=5      Best:        	White=2     	Black=3      Strong:       	White=1     	---} ({Worse is} 39. Nxa5 Rd2 $11) 1-0

[Event "3rd Matrix Cup 2024"]
[Site "New Delhi"]
[Date "2024.04.08"]
[Round "5.2"]
[White "Narayan Iyengar"]
[Black "Neelash Saha"]
[Result "0-1"]
[ECO "B12"]
[WhiteElo "1844"]
[BlackElo "2464"]
[Annotator "TA"]
[PlyCount "116"]
[EventDate "2024.04.07"]
[EventType "swiss"]
[EventCountry "IND"]
[SourceTitle "playchess.com"]
[Source "ChessBase"]
[SourceQuality "1"]
[TimeControl "5400+30"]

1. e4 c6 2. d4 d5 3. e5 Bf5 4. Nf3 e6 5. Be2 Nd7 6. Nbd2 h6 7. O-O Ne7 8. Re1 Bh7 9. Nb3 Qc7 {[%emt 0:00:47] The position is equal.} 10. Be3 a6 11. Rc1 b5 12. Bd3 Nf5 13. Bd2 a5 14. g4 Ne7 15. Bxh7 Rxh7 16. Be3 Rh8 17. Qd3 Ng6 18. Nbd2 Qb7 19. b3 Ba3 20. Rb1 O-O-O (20... h5 $15) 21. c4 Kb8 22. cxb5 Qxb5 23. Nc4 Bb4 (23... Ka8 $11) 24. Red1 (24. Qc2 $1 $16) 24... h5 {[%emt 0:29:20] [#]} (24... Kc7 $11) 25. g5 h4 {[%emt 0:10:09] [#]} (25... Kc7 $11) 26. a3 $1 $16 Be7 {[%emt 0:00:10][%cal Ob8c7] [#]} 27. Qc3 $1 Rc8 28. Qxa5 (28. Nxa5 $16 Qe2 29. Ne1 (29. Nxc6+ Kb7 $11)) 28... Qxa5 $11 29. Nxa5 c5 30. b4 c4 31. Ne1 Kc7 {[%emt 0:02:44][%mdl 1024] Black has compensation.} 32. Rdc1 Kb6 33. Nc2 h3 34. Ne1 Nh4 35. f4 Nf5 36. Kf2 Ra8 (36... Nf8 $15 37. Nf3 Ng6) 37. Nf3 Kb5 38. Rc2 Nb6 39. Bc1 (39. Ke2 $15) 39... Ra7 {[%emt 0:00:08] Active counter play!} 40. Ke2 Na4 41. Bd2 Bd8 42. Be1 Bb6 43. Bf2 Rc7 44. Kd2 g6 45. Ke2 {[%emt 0:00:21] [#]} (45. Rcc1 $17) 45... Rb8 $1 $19 46. Kd2 Ka6 $2 (46... Rcc8 $1 $19 47. Ke2 Bd8) 47. Rcc1 $2 (47. Nc6 $1 $11) 47... Bxa5 48. bxa5 Rcb7 49. Rxb7 Rxb7 ({Weaker is} 49... Kxb7 50. Rb1+ Ka7 51. Rxb8 Kxb8 52. Kc2 $11) 50. Ne1 Rb3 51. Nc2 Kxa5 52. Ke2 (52. Ne1 $142) 52... Nc3+ 53. Kf1 Ne4 {[%emt 0:00:45] ( -> ...Rf3). A dynamic duo of knights.} 54. Be1+ Ka4 55. Ke2 Rb2 56. Kd1 c3 57. Ra1 Kb3 58. Rc1 {[%emt 0:00:24] [#]} Rxc2 $1 {[%emt 0:00:15][%mdl 512] What a bad dream for White.   Weighted Error Value: White=0.58/Black=0.24 (precise) .  Loses game:     	White=1     	---        Missed win:     	---       	Black=1      Mistake:       	White=6     	Black=5      Inaccurate:     	White=8     	Black=4      OK:         	White=9     	Black=17     Best:        	White=1     	Black=1      Strong:       	White=1     	Black=1} 0-1

[Event "3rd Matrix Cup 2024"]
[Site "New Delhi"]
[Date "2024.04.08"]
[Round "5.3"]
[White "Singh, Arvinder Preet"]
[Black "Nirnay Garg"]
[Result "0-1"]
[ECO "B45"]
[WhiteElo "2064"]
[BlackElo "1828"]
[Annotator "RC"]
[PlyCount "122"]
[EventDate "2024.04.07"]
[EventType "swiss"]
[EventCountry "IND"]
[SourceTitle "playchess.com"]
[Source "ChessBase"]
[SourceQuality "1"]
[TimeControl "5400+30"]

1. e4 c5 2. Nf3 e6 3. d4 cxd4 4. Nxd4 Nf6 5. Nc3 Nc6 6. g3 d5 7. Bg2 Qb6 8. Nb3 d4 9. e5 Nd7 10. Ne2 Bb4+ 11. c3 dxc3 12. bxc3 Be7 13. Be3 Qc7 14. f4 O-O 15. O-O Nb6 16. Ned4 Nc4 17. Bf2 Bd7 18. Nb5 Qc8 19. Qe2 N6a5 20. Nxa7 Qc7 21. Nxa5 Nxa5 22. Nb5 Bxb5 23. Qxb5 Qxc3 24. Rfc1 Qd2 25. Rd1 Qc2 26. Rdc1 Qd2 27. Kh1 Qxf2 28. Rc7 Ba3 29. f5 Qb2 30. Rb1 Qxb5 31. Rxb5 exf5 32. Bd5 Nc6 33. e6 fxe6 34. Bxc6 bxc6 35. Rbb7 Rfb8 36. Rxg7+ Kf8 37. Rbf7+ Ke8 38. Rf6 Rb1+ 39. Kg2 Rb2+ 40. Kh3 Bf8 41. Rxe6+ Kd8 42. Rf7 Raxa2 43. Rxf5 Rxh2+ 44. Kg4 Kd7 45. Re4 Be7 46. Rf3 h5+ 47. Kf5 Raf2 48. Rd4+ Bd6 49. Rxf2 Rxf2+ 50. Kg5 Rg2 51. Kxh5 Rxg3 52. Kh4 Rg8 53. Kh3 c5 54. Rd1 Kc6 55. Rc1 Be5 56. Re1 Bd4 57. Kh2 c4 58. Re4 Kd5 59. Re7 c3 60. Rc7 Be5+ 61. Kh1 Rh8+ 0-1

[Event "3rd Matrix Cup 2024"]
[Site "New Delhi"]
[Date "2024.04.08"]
[Round "5.4"]
[White "Daksh Goyal"]
[Black "Siddhant Nath Jha"]
[Result "0-1"]
[ECO "B43"]
[WhiteElo "1916"]
[BlackElo "1704"]
[Annotator "RC"]
[PlyCount "178"]
[EventDate "2024.04.07"]
[EventType "swiss"]
[EventCountry "IND"]
[SourceTitle "playchess.com"]
[Source "ChessBase"]
[SourceQuality "1"]
[TimeControl "5400+30"]

1. e4 c5 2. Nf3 e6 3. d4 cxd4 4. Nxd4 a6 5. Nc3 b5 6. Bd3 Bb7 7. O-O Nc6 8. Nxc6 Bxc6 9. Re1 Bc5 10. Qh5 Qb6 11. Be3 Bxe3 12. Rxe3 Ne7 13. Nd5 Bxd5 14. exd5 g6 15. Qg5 Qc5 16. Qe5 f6 17. Qxf6 Rf8 18. Qe5 Nxd5 19. Be4 Rxf2 20. Bxd5 Rf5 21. Qh8+ Rf8 22. Qe5 Rf5 23. Qh8+ Rf8 24. Qc3 Qxd5 25. Rd3 Qc4 26. Qg7 Qc5+ 27. Kh1 Rf7 28. Qh8+ Qf8 29. Qxf8+ Kxf8 30. a4 bxa4 31. Kg1 Rb8 32. Ra2 Ke7 33. g3 Rbf8 34. Rd2 Rf1+ 35. Kg2 Rb1 36. Rxa4 Rxb2 37. Rxa6 Rc8 38. Ra7 Rcxc2 39. Raxd7+ Kf6 40. Rxc2 Rxc2+ 41. Kg1 h5 42. Rd4 e5 43. Rb4 Kf5 44. h3 Rd2 45. Kf1 Rh2 46. Kg1 Rd2 47. Kf1 Rd4 48. Rb6 g5 49. Ke2 h4 50. gxh4 Rxh4 51. Rb3 Kf4 52. Rf3+ Ke4 53. Rg3 Kf5 54. Rb3 e4 55. Kf2 Kf4 56. Kg2 Rh8 57. Rb7 Rd8 58. Rf7+ Ke3 59. Rf5 Kd2 60. Rf2+ Kc3 61. Rf5 e3 62. Ra5 Kd2 63. Ra2+ Kd3 64. Kf1 Rb8 65. Ra3+ Ke4 66. Ra5 Kf4 67. Rc5 Rb1+ 68. Ke2 Rb2+ 69. Kf1 Rh2 70. Rc8 Rxh3 71. Rf8+ Kg3 72. Ke2 Kg2 73. Rg8 Rg3 74. Rg6 g4 75. Rg5 Kh2 76. Rh5+ Rh3 77. Rg5 Kg3 78. Rg8 Rh7 79. Rg6 Re7 80. Rg8 Kh3 81. Rg6 Re4 82. Rg8 Kg2 83. Rh8 g3 84. Rg8 Re7 85. Rg6 Kh2 86. Rg8 g2 87. Rh8+ Kg1 88. Rb8 Rh7 89. Kxe3 Kh1 0-1

[Event "3rd Matrix Cup 2024"]
[Site "New Delhi"]
[Date "2024.04.08"]
[Round "5.5"]
[White "Hanya Shah"]
[Black "Mrityunjay Kumar"]
[Result "0-1"]
[ECO "A37"]
[WhiteElo "1666"]
[BlackElo "1900"]
[Annotator "RC"]
[PlyCount "140"]
[EventDate "2024.04.07"]
[EventType "swiss"]
[EventCountry "IND"]
[SourceTitle "playchess.com"]
[Source "ChessBase"]
[SourceQuality "1"]
[TimeControl "5400+30"]

1. c4 c5 2. Nc3 g6 3. g3 Bg7 4. Bg2 Nc6 5. Nf3 e5 6. d3 Nge7 7. e4 d6 8. O-O O-O 9. Ne1 a6 10. Nc2 Rb8 11. f4 exf4 12. Bxf4 b5 13. Rb1 Be6 14. Nd5 bxc4 15. dxc4 Bxd5 16. cxd5 Ne5 17. Qe2 Qa5 18. Na3 Nc8 19. Rfc1 Nb6 20. Bf1 Ra8 21. Qg2 Nbd7 22. Bxe5 Nxe5 23. Nc4 Nxc4 24. Bxc4 Rfb8 25. Qe2 Qb6 26. b3 Re8 27. Qf3 Re7 28. Re1 a5 29. a4 Qb4 30. Re2 Rae8 31. Rf1 Qc3 32. Kg2 Qe5 33. Bb5 Rd8 34. Bc4 Ra7 35. Bb5 Qe7 36. Bc4 Be5 37. Qd3 Kg7 38. Qe3 Qf8 39. Bb5 Re7 40. Qd2 Ra8 41. Bc4 Raa7 42. Bb5 Bd4 43. Bc4 Re5 44. Rf4 h6 45. Bb5 Rh5 46. Re1 Qc8 47. h4 Qd8 48. Be2 Re5 49. Bc4 Rae7 50. Ref1 Rxe4 51. Rxe4 Rxe4 52. Bd3 Be3 53. Qc3+ Re5 54. Rf3 Bd4 55. Qc2 Qe7 56. Qd2 Qc7 57. Qc2 Qb6 58. Bc4 Qb4 59. Rf1 Re3 60. Qf2 Qb7 61. Qd2 Qe7 62. Rf4 Re1 63. Bf1 Rb1 64. Qd3 Rb2+ 65. Kh1 Qe5 66. Bg2 Qe3 67. Qd1 Qxg3 68. Rg4 Qe5 69. Re4 Qxd5 70. Re2 Qh5 0-1

[Event "3rd Matrix Cup 2024"]
[Site "New Delhi"]
[Date "2024.04.08"]
[Round "5.6"]
[White "Goutham Ramesh"]
[Black "Kumar, Gaurav"]
[Result "0-1"]
[ECO "D02"]
[WhiteElo "1776"]
[BlackElo "2083"]
[Annotator "RC"]
[PlyCount "112"]
[EventDate "2024.04.07"]
[EventType "swiss"]
[EventCountry "IND"]
[SourceTitle "playchess.com"]
[Source "ChessBase"]
[SourceQuality "1"]
[TimeControl "5400+30"]

1. Nf3 d5 2. d4 Nf6 3. Bf4 c5 4. c3 Qb6 5. Qb3 Nc6 6. e3 c4 7. Qxb6 axb6 8. Na3 Bf5 9. Nb5 Ra5 10. a4 Bc2 11. Ne5 Nxe5 12. dxe5 Ne4 13. Be2 e6 14. f3 Nc5 15. Kd2 Bxa4 16. Nd4 Nb3+ 17. Nxb3 Bxb3 18. e4 dxe4 19. Be3 Rd5+ 20. Ke1 Bc5 21. Bxc5 bxc5 22. Ra8+ Rd8 23. Rxd8+ Kxd8 24. fxe4 Ke7 25. Kd2 Rd8+ 26. Ke3 Ra8 27. Rb1 Ra2 28. g3 b5 29. Kd2 f6 30. h3 fxe5 31. h4 b4 32. Bf1 Ra8 33. Rc1 bxc3+ 34. Kxc3 Rf8 35. Be2 Rf2 36. Kd2 Rg2 37. Rc3 Rg1 38. Bxc4 Bxc4 39. Rxc4 Rg2+ 40. Kd1 Kd6 41. b4 cxb4 42. Rxb4 Rxg3 43. Ke2 Ke7 44. Rb7+ Kf6 45. h5 Rh3 46. Rb8 Rxh5 47. Rf8+ Ke7 48. Rg8 Kf7 49. Rh8 h6 50. Kf3 Rh3+ 51. Kf2 Rh4 52. Kf3 Rf4+ 53. Ke3 Kg6 54. Re8 Rf6 55. Rh8 h5 56. Re8 h4 0-1

[Event "3rd Matrix Cup 2024"]
[Site "New Delhi"]
[Date "2024.04.08"]
[Round "5.7"]
[White "Sahil Bheron"]
[Black "Ram Prakash, R."]
[Result "0-1"]
[ECO "A37"]
[WhiteElo "1774"]
[BlackElo "2191"]
[Annotator "RC"]
[PlyCount "78"]
[EventDate "2024.04.07"]
[EventType "swiss"]
[EventCountry "IND"]
[SourceTitle "playchess.com"]
[Source "ChessBase"]
[SourceQuality "1"]
[TimeControl "5400+30"]

1. c4 c5 2. g3 Nc6 3. Bg2 g6 4. Nf3 Bg7 5. Nc3 a6 6. O-O Rb8 7. a4 h5 8. e3 Nh6 9. d4 cxd4 10. exd4 Nf5 11. Bf4 d6 12. d5 Ne5 13. c5 h4 14. Re1 hxg3 15. hxg3 f6 16. Ne4 Kf7 17. Rc1 g5 18. Nexg5+ fxg5 19. Nxe5+ dxe5 20. Bxe5 Bxe5 21. Rxe5 Kf6 22. Qe1 Qg8 23. Qc3 Qh7 24. Rce1 Kg6 25. d6 Qh2+ 26. Kf1 exd6 27. cxd6 Rf8 28. Be4 Kh6 29. Bxf5 Bxf5 30. Re6+ Kh5 31. Qf3+ Bg4 32. Qxg4+ Kxg4 33. R1e4+ Rf4 34. gxf4 Qh1+ 35. Ke2 Qf3+ 36. Ke1 Rc8 37. fxg5+ Kh5 38. Kd2 Qxf2+ 39. Re2 Qd4+ 0-1

[Event "3rd Matrix Cup 2024"]
[Site "New Delhi"]
[Date "2024.04.08"]
[Round "5.8"]
[White "Shubhi Gupta"]
[Black "Akshat Negi"]
[Result "0-1"]
[ECO "D05"]
[WhiteElo "1953"]
[BlackElo "1790"]
[Annotator "RC"]
[PlyCount "72"]
[EventDate "2024.04.07"]
[EventType "swiss"]
[EventCountry "IND"]
[SourceTitle "playchess.com"]
[Source "ChessBase"]
[SourceQuality "1"]
[TimeControl "5400+30"]

1. d4 d5 2. Nf3 Nf6 3. e3 e6 4. Bd3 Bd6 5. b3 c5 6. O-O Nc6 7. Bb2 cxd4 8. exd4 O-O 9. Nbd2 b6 10. a3 Bb7 11. Ne5 Rc8 12. f4 Ne7 13. Qe2 g6 14. Ndf3 Nh5 15. Ng5 Ng7 16. Qg4 h6 17. Ngf3 h5 18. Qh3 Qe8 19. Ng5 f6 20. Nxe6 fxe5 21. Nxf8 e4 22. Nd7 Qd8 23. Nf6+ Kf7 24. Nxe4 dxe4 25. Bc4+ Kf8 26. g4 b5 27. f5 bxc4 28. f6 Nd5 29. Bc1 Ne6 30. gxh5 Ndf4 31. Bxf4 Nxf4 32. Qh4 g5 33. Qg4 Qxf6 34. h4 Qxd4+ 35. Rf2 Qxa1+ 36. Kh2 Ke8 0-1

[Event "3rd Matrix Cup 2024"]
[Site "New Delhi"]
[Date "2024.04.08"]
[Round "6.1"]
[White "Mrityunjay Kumar"]
[Black "Aronyak Ghosh"]
[Result "0-1"]
[ECO "B51"]
[WhiteElo "1900"]
[BlackElo "2517"]
[Annotator "TA"]
[PlyCount "116"]
[EventDate "2024.04.07"]
[EventType "swiss"]
[EventCountry "IND"]
[SourceTitle "playchess.com"]
[Source "ChessBase"]
[SourceQuality "1"]
[TimeControl "5400+30"]

1. e4 c5 2. Nf3 d6 3. Bb5+ Nd7 4. a4 Ngf6 5. Nc3 a6 6. Be2 b6 7. O-O Bb7 8. d3 {[%emt 0:00:16] The position is equal.} e6 9. Ng5 h6 10. Nh3 d5 11. exd5 Nxd5 12. Nxd5 Bxd5 13. Nf4 Bc6 14. Bf3 Ne5 15. Bxc6+ Nxc6 16. Re1 Qd7 17. Be3 Be7 18. c3 e5 19. Ne2 Rd8 20. Qb3 Qc7 21. Qc4 Qc8 {[%emt 0:02:50] [#]} 22. b4 $1 O-O 23. bxc5 Na5 24. Qa2 bxc5 25. Rad1 Qc6 26. f4 e4 {[%emt 0:05:04] Black is more active.} 27. d4 cxd4 28. Bxd4 Nc4 29. f5 Rb8 30. Rb1 e3 $36 {[%emt 0:00:42][%mdl 2048] Black is in control.} 31. f6 Rxb1 (31... gxf6 32. Ng3 $11) 32. Rxb1 Bxf6 33. Bxf6 gxf6 34. Nd4 Qe4 {[%emt 0:01:02] [#] White must now prevent ...Nd2.} 35. Rb4 $2 {[%emt 0:02:33][%mdl 8192] White does not recover from this.} ({White must play} 35. Qc2 $1 $15 Qxc2 36. Nxc2) 35... Nd2 $19 {[%emt 0:01:57] ...e2 is the strong threat.} 36. Qc2 Qf4 37. Nf3 Nxf3+ 38. gxf3 Qxf3 39. Qg2+ Qxg2+ 40. Kxg2 {[%emt 0:00:03][%mdl 4096] Endgame. KR-KR} Re8 {[%emt 0:02:46] ...e2 would now be deadly.} 41. Kf1 f5 ({Weaker is} 41... e2+ 42. Ke1 $15) 42. Ke2 $2 (42. Rf4 {was the crucial defense.} Re5 (42... e2+ 43. Ke1 $11) 43. Ke2) 42... Re4 43. a5 Kg7 44. Rb1 f4 45. Rc1 Kf6 46. c4 Ke6 {[%emt 0:01:26] Strongly threatening ...Rd4.} 47. c5 Kd7 48. c6+ Kc7 49. h4 h5 {[%emt 0:01:32] Threatens to win with ...Re5.} 50. Kf3 Re6 51. Kxf4 e2 52. Re1 Kxc6 {[%emt 0:00:03] ( -> ...Kc5)} ({Less strong is} 52... Rxc6 53. Rxe2 Rc4+ 54. Kf3 $17) 53. Kg5 Kd5 {[%emt 0:01:01] Black mates.} 54. Kxh5 Kd4 55. Kg5 Kd3 56. h5 Kd2 57. Rxe2+ Rxe2 58. h6 Rh2 {[%emt 0:00:05] Weighted Error Value: White=0.52/Black=0.18 (very precise) .  Loses game:     	White=1     	---        Mistake:       	White=1     	---        Inaccurate:     	White=6     	Black=2      OK:         	White=13    	Black=14     Best:        	White=4     	Black=6} 0-1

[Event "3rd Matrix Cup 2024"]
[Site "New Delhi"]
[Date "2024.04.08"]
[Round "6.2"]
[White "Neelash Saha"]
[Black "Nirnay Garg"]
[Result "1-0"]
[ECO "D38"]
[WhiteElo "2464"]
[BlackElo "1828"]
[Annotator "TA"]
[PlyCount "91"]
[EventDate "2024.04.07"]
[EventType "swiss"]
[EventCountry "IND"]
[SourceTitle "playchess.com"]
[Source "ChessBase"]
[SourceQuality "1"]
[TimeControl "5400+30"]

1. d4 d5 2. c4 e6 3. Nf3 Nf6 4. Nc3 Bb4 5. Qa4+ Nc6 6. e3 O-O 7. Bd2 Re8 8. Qc2 e5 9. dxe5 Nxe5 {[%emt 0:02:17] White has an edge.} 10. Nxd5 ({White should try} 10. cxd5 $11 Nxf3+ 11. gxf3) 10... Nxd5 (10... Bxd2+ $15 11. Qxd2 Ne4) 11. cxd5 $11 Nxf3+ 12. gxf3 Bxd2+ 13. Qxd2 Qf6 14. Be2 Bh3 15. Qc3 Re5 (15... Qh4 $14) 16. Rg1 $16 {[%emt 0:01:23] f4 would now be deadly.} (16. Qxc7 $2 Rxd5 17. Qc3 Qg5 $19) 16... Kh8 {[%emt 0:00:30] [#]} (16... Rf5 $16) 17. Rg3 ({Weaker is} 17. Qxc7 Rxd5 18. Qxb7 Rdd8 $11) ({White should play} 17. Rd1 $1 $18) 17... Bd7 18. Rd1 c6 19. dxc6 Bxc6 20. f4 Re6 21. Qxf6 Rxf6 22. h4 Rh6 23. h5 Rc8 24. Rg5 Kg8 25. Rc5 Kf8 26. Bg4 Rb8 27. Ke2 {[%emt 0:00:56] White is more active.} b6 28. Rc3 Ke7 (28... Bb5+ $16 29. Ke1 Rc6 30. Rxc6 Bxc6) 29. Rdc1 $18 Bb5+ 30. Kf3 a5 31. Rc7+ Kf8 32. Kg3 Rd6 33. Ra7 Rc6 34. Rxc6 Bxc6 {[%emt 0:00:02][%mdl 4096] Endgame. KRB-KRB} 35. Bf3 Be8 36. e4 a4 (36... h6 $142 37. e5 f5) 37. e5 Rd8 38. f5 Rd3 {[%emt 0:02:19] [#] aiming for ...Bc6.} 39. Kf4 {[%emt 0:02:01] And now e6 would win.} f6 $2 (39... Rd4+ 40. Be4 Rc4) 40. e6 g5+ $2 (40... h6 41. Ke4 Rd6) 41. fxg6 hxg6 42. hxg6 Rd2 43. g7+ Kg8 44. Ra8 {[%emt 0:00:05] White mates.} Rxb2 45. Rxe8+ Kxg7 46. Ra8 {[%emt 0:00:16] Weighted Error Value: White=0.32/Black=0.42.  Mistake:       	White=2     	Black=7      Inaccurate:     	---       	Black=2      OK:         	White=14    	Black=7      Best:        	White=2     	Black=1} 1-0

[Event "3rd Matrix Cup 2024"]
[Site "New Delhi"]
[Date "2024.04.08"]
[Round "6.3"]
[White "Siddhant Nath Jha"]
[Black "Kumar, Gaurav"]
[Result "0-1"]
[ECO "B33"]
[WhiteElo "1704"]
[BlackElo "2083"]
[Annotator "RC"]
[PlyCount "54"]
[EventDate "2024.04.07"]
[EventType "swiss"]
[EventCountry "IND"]
[SourceTitle "playchess.com"]
[Source "ChessBase"]
[SourceQuality "1"]
[TimeControl "5400+30"]

1. e4 c5 2. Nf3 Nc6 3. d4 cxd4 4. Nxd4 Nf6 5. Nc3 e5 6. Ndb5 d6 7. Bg5 a6 8. Na3 b5 9. Nd5 Be7 10. Bxf6 Bxf6 11. c3 Bg5 12. Nc2 Rb8 13. Be2 O-O 14. Bg4 Be6 15. Nce3 Qd7 16. Nf5 g6 17. h4 Bd8 18. Nh6+ Kg7 19. h5 Bg5 20. hxg6 Bxh6 21. Rxh6 Kxh6 22. Qd2+ Kg7 23. gxh7 f6 24. O-O-O Bxg4 25. Rh1 Kh8 26. Ne3 Be6 27. g3 b4 0-1

[Event "3rd Matrix Cup 2024"]
[Site "New Delhi"]
[Date "2024.04.08"]
[Round "6.4"]
[White "Ram Prakash, R."]
[Black "Jyotshnav Talukdar"]
[Result "1/2-1/2"]
[ECO "A01"]
[WhiteElo "2191"]
[BlackElo "1877"]
[Annotator "RC"]
[PlyCount "188"]
[EventDate "2024.04.07"]
[EventType "swiss"]
[EventCountry "IND"]
[SourceTitle "playchess.com"]
[Source "ChessBase"]
[SourceQuality "1"]
[TimeControl "5400+30"]

1. b3 e5 2. Bb2 Nc6 3. e3 d5 4. Bb5 Bd6 5. c4 dxc4 6. bxc4 Nf6 7. c5 Bxc5 8. Bxe5 O-O 9. Bb2 Bf5 10. a3 a6 11. Be2 Re8 12. Nf3 Bd3 13. O-O Qd6 14. Bxd3 Qxd3 15. Bxf6 gxf6 16. Ne1 Qg6 17. d4 Rad8 18. Ra2 Kh8 19. g3 Bb6 20. Ng2 Rg8 21. Nd2 Ne7 22. Qf3 Nd5 23. Rb2 Qg4 24. Qxg4 Rxg4 25. Nc4 Rb8 26. f3 Rgg8 27. Nxb6 Nxb6 28. Rc1 Rgc8 29. Rcb1 a5 30. Rc2 Nd7 31. Rb5 a4 32. Ra5 b5 33. Nf4 c6 34. Ra7 Nb6 35. Rxf7 Nc4 36. Rc3 Rf8 37. Rxf8+ Rxf8 38. Kf2 Ra8 39. Nd3 Kg7 40. Nb4 Rc8 41. e4 c5 42. dxc5 Rxc5 43. Nd5 f5 44. Ke2 fxe4 45. fxe4 Rc6 46. Kd3 Kf7 47. Kd4 Rh6 48. Rf3+ Kg7 49. h4 Rc6 50. Ne7 Rd6+ 51. Kc5 Re6 52. Nf5+ Kg6 53. Kd5 Re5+ 54. Kd4 Rxe4+ 55. Kxe4 Nd2+ 56. Kd3 Nxf3 57. Nd6 Ne5+ 58. Kc3 Nc6 59. Nxb5 Kf5 60. Nd6+ Kg4 61. Ne4 Kf3 62. Nf6 Kxg3 63. h5 Kh4 64. Kc4 Kg5 65. Nxh7+ Kxh5 66. Nf6+ Kg6 67. Nd7 Kf7 68. Kc5 Nd8 69. Nb6 Ke7 70. Nxa4 Kd7 71. Kb6 Kc8 72. Nc5 Nf7 73. a4 Ne5 74. Ne4 Kb8 75. Nd6 Nd7+ 76. Kc6 Ne5+ 77. Kb5 Kc7 78. Ne8+ Kb7 79. Nd6+ Kc7 80. Ne4 Nc6 81. Nc3 Kb7 82. Kc5 Ne5 83. Kb5 Nc6 84. Na2 Na7+ 85. Kb4 Nc6+ 86. Kc5 Na5 87. Kb5 Nc6 88. Nc3 Na7+ 89. Kb4 Ka6 90. Na2 Nc6+ 91. Ka3 Ka5 92. Nc1 Nd4 93. Nd3 Nc2+ 94. Kb3 Nd4+ 1/2-1/2

[Event "3rd Matrix Cup 2024"]
[Site "New Delhi"]
[Date "2024.04.08"]
[Round "6.5"]
[White "Akshat Negi"]
[Black "Kishan Kumar"]
[Result "1/2-1/2"]
[ECO "B51"]
[WhiteElo "1790"]
[BlackElo "1933"]
[Annotator "RC"]
[PlyCount "130"]
[EventDate "2024.04.07"]
[EventType "swiss"]
[EventCountry "IND"]
[SourceTitle "playchess.com"]
[Source "ChessBase"]
[SourceQuality "1"]
[TimeControl "5400+30"]

1. e4 c5 2. Nf3 d6 3. Bb5+ Nd7 4. d4 a6 5. Bxd7+ Bxd7 6. O-O cxd4 7. Qxd4 Nf6 8. Bg5 e5 9. Qd3 h6 10. Bxf6 Qxf6 11. c4 Qd8 12. Nc3 Be6 13. Nd5 Be7 14. Rfd1 Rc8 15. Rac1 O-O 16. h3 Re8 17. b3 Bf8 18. Nh2 Qg5 19. Nf1 b5 20. Nd2 bxc4 21. Rxc4 f5 22. exf5 Bxf5 23. Qe3 Qxe3 24. Nxe3 Bd3 25. Rxc8 Rxc8 26. Ndc4 e4 27. Nb2 Bb5 28. Nbc4 Rd8 29. a4 Bc6 30. Nd5 Rb8 31. Na5 Be8 32. Kf1 Bf7 33. Ke2 Rc8 34. Nc4 Rc5 35. Ncb6 Rc2+ 36. Rd2 Rc1 37. b4 Be8 38. Ke3 Re1+ 39. Re2 Ra1 40. Kxe4 Bxa4 41. Nxa4 Rxa4 42. Kd3 Kf7 43. Kc4 Ra1 44. Kb3 Rd1 45. Nc7 d5 46. Nxa6 d4 47. Kc2 Ra1 48. Nc5 Bxc5 49. bxc5 Ra5 50. Re5 Ra2+ 51. Kd3 Rxf2 52. Kxd4 Rxg2 53. Re3 Rc2 54. Kd5 g5 55. Kd6 h5 56. Rd3 Kf6 57. Rd5 g4 58. hxg4 hxg4 59. c6 g3 60. c7 g2 61. Rd1 Kf5 62. Rg1 Kf6 63. Kd7 Rd2+ 64. Kc8 Kf5 65. Kb8 Rb2+ 1/2-1/2

[Event "3rd Matrix Cup 2024"]
[Site "New Delhi"]
[Date "2024.04.08"]
[Round "6.6"]
[White "Negi, Virender Singh"]
[Black "Saparya Ghosh"]
[Result "1/2-1/2"]
[ECO "A13"]
[WhiteElo "1920"]
[BlackElo "1759"]
[Annotator "RC"]
[PlyCount "47"]
[EventDate "2024.04.07"]
[EventType "swiss"]
[EventCountry "IND"]
[SourceTitle "playchess.com"]
[Source "ChessBase"]
[SourceQuality "1"]
[TimeControl "5400+30"]

1. Nf3 Nf6 2. c4 e6 3. g3 d5 4. Bg2 d4 5. e3 Nc6 6. O-O Bc5 7. exd4 Nxd4 8. Nc3 O-O 9. d3 Nd7 10. Nxd4 Bxd4 11. Ne2 Bf6 12. d4 c6 13. Be3 Nb6 14. Qc2 e5 15. Rad1 Qc7 16. h3 Be6 17. b3 g6 18. dxe5 Bxe5 19. Nd4 Rfe8 20. Nxe6 Rxe6 21. Bd4 Rae8 22. Bxe5 Rxe5 23. Rd2 Nd7 24. Rfd1 1/2-1/2